 Dungeon Crawl Stone Soup version 0.31-a0-233-g139696dc86 (webtiles) character file.

Game seed: 1051402427352515830

99 qw the Shooter (level 4, -1/26 HPs)
             Began as a Gargoyle Hexslinger on July 9, 2023.
             Killed by nerve-wracking pain
             ... invoked by an orc priest
              (6 damage)
             ... on level 3 of the Dungeon.
             The game lasted 00:00:45 (1587 turns).

qw the Shooter (Gargoyle Hexslinger)                Turns: 1587, Time: 00:00:46

Health: -1/26      AC: 10    Str: 12    XL:     4   Next: 72%
Magic:  5/5        EV: 10    Int: 13    God:
Gold:   147        SH:  0    Dex: 14    Spells: 4/5 levels left

rFire   . . .        Y - +1 sling
rCold   . . .        (no shield)
rNeg    + . .        f - +0 ring mail
rPois   inf          (no helmet)
rElec   +            a - +0 cloak
rCorr   .            (no gloves)
SInv    .            (no boots)
Will    .....        (no amulet)
Stlth   +            (no ring)
HPRegen 0.24/turn    (no ring)
MPRegen 0.09/turn

%: no passive effects
@: no status effects
A: sickness immunity, AC +3, negative energy resistance 1, electricity
resistance, torment resistance 1, petrification resistance
a: no special abilities


You were on level 3 of the Dungeon.
You visited 1 branch of the dungeon, and saw 3 of its levels.

You collected 147 gold pieces.


Innate Abilities, Weirdness & Mutations

You are immune to sickness and miasma.
Your stone body is resilient. (AC +3)
You are immune to poison.
You resist negative energy. (rN+)
You are resistant to electric shocks. (rElec)
You are resistant to unholy torment.
You are immune to petrification.


   Skills:
 - Level 2.0 Fighting
 + Level 3.9 Ranged Weapons
 - Level 2.0 Armour
 - Level 1.5 Dodging
 - Level 1.0 Spellcasting
 - Level 2.6 Hexes


You had 4 spell levels left.
You knew the following spells:

 Your Spells              Type           Power      Damage    Failure   Level
a - Slow                  Hex            28%        N/A       21%         1

Your spell library contained the following spells:

 Spells                   Type           Power      Damage    Failure   Level
 Inner Flame              Hex/Fire       4%         N/A       71%         3
 Portal Projectile        Hex/Tloc       8%         N/A       71%         3
 Cause Fear               Hex            3%         N/A       90%         4

Inventory:

Hand Weapons
 Y - a +1 sling (weapon)
Armour
 a - a +0 cloak (worn)
 f - a +0 ring mail (worn)
Scrolls
 c - a scroll of enchant armour {unknown}
 e - a scroll of immolation {unknown}
Potions
 b - a potion of haste {unknown}
 g - a potion of lignification {unknown}

Dungeon Overview and Level Annotations

Branches:
Dungeon (3/15)

Altars:

Shops:
D:2 =


Message History

You shoot a sling bullet. The sling bullet hits the iguana!
You kill the iguana!
The orc priest looks braver for a moment.
Something hits you. The orc barely misses you.
You hear some strange, mumbled words.
You are confused.
The orc hits you with a +0 club.
The orc priest hits you but does no damage.
Your Armour skill gained 2 levels and is now at level 2!
1583 ||| DRINKING 2 potions of curing.
You feel better.
1583 ||| (to cure confusion)
The endoplasm freezes you.
You are frozen.
The orc priest looks encouraged for a moment.
Something hits you but does no damage. The orc hits you with a +0 club.
You shoot a sling bullet. The sling bullet hits the orc priest.
The orc priest is moderately wounded.
The orc hits you with a +0 club. The endoplasm freezes you.
You are frozen.
The orc priest hits you but does no damage.
You hear some strange, mumbled words.
You are confused.
1585 ||| DRINKING potion of curing.
You feel better.
1585 ||| (to cure confusion)
The endoplasm barely misses you. The orc priest closely misses you.
Something hits you but does no damage. The orc hits you but does no damage.
You shoot a sling bullet.
The sling bullet barely misses the orc priest.
The endoplasm freezes you.
You are frozen.
The orc priest hits you but does no damage.
Something hits you but does no damage. The orc closely misses you.
You shoot a sling bullet. The sling bullet hits the orc priest.
The orc priest is moderately wounded.
The endoplasm freezes you.
You are frozen.
The orc priest invokes the aid of Beogh against you.
Pain shoots through your body!
You die...

#..# #..# #..#
#..#######
####.......)#
#......####.##
#....%.#.....##.
#(.....'.o......
#......#@J.)###
#......#{o......
########...####.
#...# #####


You could see an orc priest, an orc and an endoplasm.

Vanquished Creatures
  An iguana (D:3)
  A worm (D:2)
  3 dart slugs
  3 orcs
  7 endoplasms
  A giant cockroach (D:1)
  8 goblins
  5 hobgoblins
  5 jackals
  3 kobolds (D:1)
  2 quokkas
  5 ball pythons
  6 bats
  A frilled lizard (D:1)
  3 rats (D:1)
54 creatures vanquished.

Notes
Turn   | Place    | Note
-------+----------+-------------------------------------------
     0 | D:1      | qw the Gargoyle Hexslinger began the quest for the Orb.
     0 | D:1      | Reached XP level 1. HP: 12/12 MP: 2/2
     0 | D:1      | 0 ||| qw: Version: 0.3-a-51-g015441d
     0 | D:1      | 0 ||| qw: Game counter: 3896
     0 | D:1      | 0 ||| qw: Melee chars always use a shield: true
     0 | D:1      | 0 ||| qw: God list: Okawaru
     0 | D:1      | 0 ||| qw: Allow faded altars: false
     0 | D:1      | 0 ||| qw: Do Orc after clearing Dungeon:15 true
     0 | D:1      | 0 ||| qw: Do second Lair branch before Depths: true
     0 | D:1      | 0 ||| qw: Lair rune preference: random
     0 | D:1      | 0 ||| qw: Goals: Normal
     0 | D:1      | 0 ||| PLANNING D:1-11
    94 | D:1      | Reached XP level 2. HP: 16/16 MP: 3/3
   158 | D:1      | Reached skill level 3 in Ranged Weapons
   359 | D:1      | Reached XP level 3. HP: 11/21 MP: 4/4
   406 | D:1      | Found a faded altar of an unknown god.
   624 | D:1      | 624 ||| READING scroll labelled VYUPANN POFEMP.
   625 | D:1      | 625 ||| READING scroll labelled PAAXUAM ANTE.
   630 | D:1      | 630 ||| DRINKING 2 cyan potions.
   631 | D:1      | 631 ||| DROPPING scroll of poison.
  1006 | D:2      | Reached XP level 4. HP: 26/26 MP: 5/5
  1169 | D:2      | Found Hosiot's Jewellery Shoppe.
  1176 | D:2      | 1176 ||| SHOPLISTING amulet of faith (560 gold, have 147).
  1176 | D:2      | 1176 ||| SHOPLISTING amulet of reflection (420 gold, have
                  | 147).
  1176 | D:2      | 1176 ||| SHOPLISTING amulet of the acrobat (420 gold, have
                  | 147).
  1176 | D:2      | 1176 ||| SHOPLISTING ring of ice (350 gold, have 147).
  1176 | D:2      | 1176 ||| SHOPLISTING ring of protection from cold (350
                  | gold, have 147).
  1176 | D:2      | 1176 ||| SHOPLISTING ring of see invisible (210 gold, have
                  | 147).
  1477 | D:2      | 1477 ||| UPGRADING to +0 cloak.
  1482 | D:2      | 1482 ||| UPGRADING to +0 leather armour.
  1492 | D:2      | 1492 ||| DROPPING +0 robe.
  1493 | D:2      | 1493 ||| UPGRADING to +0 ring mail.
  1503 | D:2      | 1503 ||| DROPPING +0 leather armour.
  1504 | D:2      | 1504 ||| READING scroll labelled QARISMO YSKIDA.
  1583 | D:3      | 1583 ||| DRINKING 2 potions of curing.
  1583 | D:3      | 1583 ||| (to cure confusion)
  1584 | D:3      | HP: 4/26 [frozen (5)]
  1585 | D:3      | 1585 ||| DRINKING potion of curing.
  1585 | D:3      | 1585 ||| (to cure confusion)
  1587 | D:3      | Killed from afar by an orc priest

Levels and vault maps discovered:
D:1:      dpeg_arrival_pond, layout_basic,
          shapermc_ecumenical_altar_mp_ritualfount, minmay_tromino_v4_c
D:2:      layout_loops_corners, serial_shops, shop, grunt_ministairs_1,
          dreamdust_wishing_well
D:3:      layout_basic, uniq_sigmund

Skill      XL: |  1  2  3  4 |
---------------+-------------+-----
Ranged Weapons | 3 |  3.9
Fighting       | 2 |  2.0
Armour         | 2 |  2.0
Dodging        | |  1.5
Spellcasting   | |  1.0
Hexes          | |  2.6

Action                     |  1- 3 |  4- 6 || total
---------------------------+-------+-------++-------
   Fire: Sling             |   145 |    47 ||   192
    Use: Scroll            |     2 |     1 ||     3
         Potion            |     1 |     2 ||     3
 Armour: Robe              |    35 |     6 ||    41
         Ring mail         |       |    17 ||    17
  Dodge: Dodged            |    52 |    19 ||    71

Table legend:
 A = Non-vault XP
 B = Vault XP
 C = Vault XP percentage of total XP
 D = Non-vault monster count
 E = Vault monster count
 F = Vault count percentage of total count
                 A         B        C        D         E       F
            +---------+---------+-------+---------+---------+-------
      Total |     139 |       3 |   2.1 |      52 |       2 |   3.7
            +---------+---------+-------+---------+---------+-------
        D:1 |      47 |       0 |   0.0 |      27 |       0 |   0.0
        D:2 |      41 |       3 |   6.8 |      18 |       2 |  10.0
        D:3 |      51 |       0 |   0.0 |       7 |       0 |   0.0
            +---------+---------+-------+---------+---------+-------
